 Dungeon Crawl Stone Soup version 0.30-a0-800-g7c544603b3 (webtiles) character file.

Game seed: 14161534253750766482

155630 Iich the Executioner (level 17, -2/167 (168) HPs)
             Began as a Hill Orc Fighter on Feb 22, 2023.
             Was an Initiate of Gozag.
             Slain by an eldritch tentacle (28 damage)
             ... called by a Zot trap
             ... on level 3 of the Spider Nest.
             The game lasted 00:45:45 (27366 turns).

Iich the Executioner (Hill Orc Fighter)            Turns: 27366, Time: 00:45:46

HP:   -2/167 (168)  AC: 46    Str: 19 (22) XL:     17   Next: 65%
MP:   17/17         EV:  7    Int:  8      God:    Gozag
Gold: 4729          SH:  0    Dex: 20      Spells: 16/16 levels left

rFire   + + +      SeeInvis +    r - +7 great mace "Firestarter" {flame, inner flame, rFlCloud rF++}
rCold   . . .      Faith    .    (shield currently unavailable)
rNeg    + . .      Spirit   .    n - +15 Maxwell's patent armour {-Cast -Tele rElec Will+ rCorr}
rPois   +          Reflect  .    A - +2 helmet
rElec   +          Harm     .    s - +2 cloak {rPois}
rCorr   +          Rampage  .    b - +2 pair of gloves {infuse}
Will    ++...      NoTele   +    Z - +1 pair of boots of Magic {Fly rF+ rN+ Str-5} Stlth NoCast +
                                 k - amulet of regeneration
HPRegen 1.27/turn                y - +4 ring of slaying
MPRegen 0.15/turn                t - ring "Repeyny" {Str+6 Dex+4}

@: mighty, brilliant, lethally poisoned (-2 -> -2), gold aura, flying, hasted,
lightly drained, very quick
A: see invisible
a: Renounce Religion, Potion Petition, Call Merchant, Bribe Branch


You were on level 3 of the Spider Nest.
You worshipped Gozag.
Gozag was most pleased with you.
You visited 4 branches of the dungeon, and saw 24 of its levels.
You also visited: Bailey, Gauntlet, Ice Cave and Volcano.

You collected 7955 gold pieces.
You spent 408 gold pieces at shops.
You paid 2818 gold pieces to Gozag.

Inventory:

Hand Weapons
 o - a +4 spectral broad axe
 r - the +7 great mace "Firestarter" (weapon) {flame, inner flame, rFlCloud rF++}
   (You took it off a minotaur in a Gauntlet)

   rFlCloud:  It grants immunity to clouds of flame.
   rF:        It greatly protects you from fire.
Missiles
 L - 7 throwing nets (quivered)
Armour
 b - a +2 pair of gloves of infusion (worn)
 g - a +1 pair of boots of rampaging
 n - the +15 Maxwell's patent armour (worn) {-Cast -Tele rElec Will+ rCorr}
   (You acquired it on level 3 of the Dungeon)

   rElec:     It insulates you from electricity.
   -Cast:     It prevents spellcasting.
   -Tele:     It prevents most forms of teleportation.
   rCorr:     It protects you from acid and corrosion.
   Will:      It increases your willpower.
 s - a +2 cloak of poison resistance (worn)
 A - a +2 helmet (worn)
 Z - the +1 pair of boots of Magic (worn) {Fly rF+ rN+ Str-5}
   (You bought it in a shop on level 4 of the Lair of Beasts)

   Str:       It affects your strength (-5).
   rF:        It protects you from fire.
   rN:        It protects you from negative energy.
   Fly:       It grants you flight.
Jewellery
 j - a ring of protection from cold
 k - an amulet of regeneration (around neck)
 m - a ring of protection from fire
 t - the ring "Repeyny" (right hand) {Str+6 Dex+4}
   (You found it on level 14 of the Dungeon)

   [ring of strength]

   Str:       It affects your strength (+6).
   Dex:       It affects your dexterity (+4).
 x - a ring of positive energy
 y - a +4 ring of slaying (left hand)
 z - a +6 ring of dexterity
 W - the dreamshard necklace {*Dream Drain}
   (You found it in an ice cave)

   [amulet of nothing]

   *Dream:    It shatters if its wearer takes lethal or near-lethal damage,
   preventing the blow and releasing protective dreams that heal and fight for
   the wearer.
   Drain:     It drains your maximum health when unequipped.
Wands
 c - a wand of iceblast (4)
 C - a wand of flame (42)
 E - a wand of light (6)
 G - a wand of polymorph (8)
 J - a wand of paralysis (20)
 N - a wand of digging (7)
 X - a wand of mindburst (13)
Scrolls
 a - a scroll of brand weapon
 h - 8 scrolls of fog
 i - a scroll of magic mapping
 q - 6 scrolls of fear
 v - 5 scrolls of teleportation
 K - 12 scrolls of identify
 O - a scroll of immolation
 S - 2 scrolls of amnesia
 T - 2 scrolls of poison
 U - 6 scrolls of blinking
Potions
 d - 8 potions of might
 e - 7 potions of heal wounds
 f - 9 potions of curing
 p - 3 potions of berserk rage
 D - 5 potions of mutation
 F - 5 potions of flight
 I - a potion of lignification
 M - 3 potions of haste
 Q - a potion of ambrosia
 R - 5 potions of cancellation
 V - a potion of invisibility
 Y - 3 potions of resistance
Miscellaneous
 l - a box of beasts
 u - a phantom mirror
 w - a condenser vane
 B - a phial of floods
 H - a lightning rod (4/4)
 P - a piece from Xom's chessboard (15/15)


   Skills:
 + Level 19.0 Fighting
 - Level 25.0(26.1) Axes
 * Level 11.3(17.7) Maces & Flails
 + Level 17.2 Armour
 - Level 3.2 Shields


You had 16 spell levels left.
You didn't know any spells.
Your spell library contained the following spells:

 Spells                   Type           Power      Damage    Failure   Level
 Sandblast                Erth           0%         2d4       99%         1
 Sting                    Tmut/Pois      0%         1d3       99%         1
 Blink                    Tloc           0%         N/A       100%        2
 Ensorcelled Hibernation  Hex/Ice        0%         N/A       100%        2
 Lesser Beckoning         Tloc           0%         N/A       100%        2
 Momentum Strike          Conj/Tloc      0%         3d8       100%        2
 Passwall                 Tmut/Erth      0%         N/A       100%        2
 Scorch                   Fire           0%         2d5       100%        2
 Sublimation of Blood     Necr           0%         N/A       100%        2
 Wereblood                Tmut           0%         N/A       100%        2
 Call Canine Familiar     Summ           0%         N/A       100%        3
 Dazzling Flash           Conj/Hex       0%         N/A       100%        3
 Gell's Gravitas          Tloc           0%         N/A       100%        3
 Hailstorm                Conj/Ice       0%         3d3       100%        3
 Portal Projectile        Hex/Tloc       0%         N/A       100%        3
 Spider Form              Tmut/Pois      0%         N/A       100%        3
 Stone Arrow              Conj/Erth      0%         3d7       100%        3
 Teleport Other           Tloc           0%         N/A       100%        3
 Vampiric Draining        Necr           0%         2d6       100%        3
 Vhi's Electric Charge    Tloc/Air       0%         N/A       100%        3
 Anguish                  Hex/Necr       0%         N/A       100%        4
 Dispel Undead            Necr           0%         3d6       100%        4
 Flame Wave               Conj/Fire      0%         2d4       100%        4
 Ice Form                 Ice/Tmut       0%         N/A       100%        4
 Leda's Liquefaction      Hex/Erth       0%         N/A       100%        4
 Olgreb's Toxic Radiance  Pois           0%         N/A       100%        4
 Petrify                  Tmut/Erth      0%         N/A       100%        4
 Agony                    Necr           0%         N/A       100%        5
 Arcjolt                  Conj/Air       0%         1d10      100%        5
 Borgnjor's Vile Clutch   Necr/Erth      0%         N/A       100%        5
 Freezing Cloud           Conj/Ice/Air   0%         6-21      100%        5
 Irradiate                Conj/Tmut      0%         3d11      100%        5
 Metabolic Englaciation   Hex/Ice        0%         N/A       100%        5
 Silence                  Hex/Air        0%         N/A       100%        5
 Summon Forest            Summ/Tloc      0%         N/A       100%        5
 Death Channel            Necr           0%         N/A       100%        6
 Dispersal                Tloc           0%         N/A       100%        6
 Eringya's Noxious Bog    Tmut/Pois      0%         N/A       100%        6
 Statue Form              Tmut/Erth      0%         N/A       100%        6
 Summon Cactus Giant      Summ           0%         N/A       100%        6
 Enfeeble                 Hex            0%         N/A       100%        7
 Ozocubu's Refrigeration  Ice            0%         4d7       100%        7
 Summon Hydra             Summ           0%         N/A       100%        7
 Ignition                 Fire           0%         3d3       100%        8
 Maxwell's Capacitive Co  Air            0%         ∞         100%        8
 Chain Lightning          Conj/Air       0%         N/A       100%        9
 Fire Storm               Conj/Fire      0%         5d1       100%        9
 Shatter                  Erth           0%         3d5*      100%        9
 Animate Dead             Necr           Unusable   N/A       N/A         4
 Simulacrum               Ice/Necr       Unusable   N/A       N/A         6

Dungeon Overview and Level Annotations

Branches:
Dungeon (15/15)            Temple (1/1) D:7            Lair (5/5) D:11
 Shoals (0/4) Lair:3       Spider (3/4) Lair:2        Slime (0/5) Lair:4
    Orc (0/2) D:12         Vaults (0/5) D:14         Depths (0/4) D:15
 Bailey (visited)           IceCv (visited)         Volcano (visited)
Gauntlet (visited)

Altars:
Ashenzari
Cheibriados
Dithmenos
Elyvilon
Fedhas
Gozag
Hepliaklqana
Kikubaaqudgha
Makhleb
Nemelex Xobeh
Okawaru
Qazlal
Ru
Sif Muna
Trog
Uskayaw
Vehumet
Wu Jian
Xom
Yredelemnul
Zin
The Shining One
Beogh

Shops:
D:1 [[(   D:13 (   Lair:4 [

Annotations:
Spider:3 barkas's ghost, adept DsSu


Innate Abilities, Weirdness & Mutations

You have supernaturally acute eyesight. (SInv)


Message History

The radroach barely misses you.
The lorocyproca is engulfed in blazing flames.
Flame seeps out of the lorocyproca.
The lorocyproca hits you but does no damage.
The tarantella's many legs skitter faintly.
You sock the lorocyproca!
That felt strangely unrewarding.
The lorocyproca explodes!
The fiery explosion engulfs you but does no damage.
The fiery explosion engulfs the eldritch tentacle.
The eldritch tentacle completely resists.
The eldritch tentacle is lightly damaged.
The fiery explosion engulfs the wolf spider!!
The wolf spider is heavily wounded.
You feel sick.
The orb spider is no longer distracted by gold.
The wolf spider is engulfed in blazing flames.
The wolf spider hits the radroach!
The wolf spider bites the radroach.
The eldritch tentacle slaps you!
* * * LOW HITPOINT WARNING * * *
The eldritch tentacle claws you!!
* * * LOW HITPOINT WARNING * * *
You hear a loud "Zot"!
Barkas's ghost is distracted by your dazzling golden aura.
The radroach is distracted by your dazzling golden aura.
The wolf spider is engulfed in blazing flames.
The wolf spider hits you!
* * * LOW HITPOINT WARNING * * *
The wolf spider closely misses you.
The culicivora is engulfed in blazing flames. [a] - 567 gold - brilliance, magic, haste and heal wounds [b] - 420 gold - resistance and might [c] - 360 gold - brilliance, magic and curing Purchase which effect?
You feel clever all of a sudden. Magic courses through your body.
You feel yourself speed up.
You feel much better.
You feel sick. The eldritch tentacle slaps you!
* * * LOW HITPOINT WARNING * * *
The eldritch tentacle freezes you!!
You die...
Your body crumbles into a pile of gold.

########## ##.......#
#^^....# ##.......
##....^.# #### ##.....#
##.......#♣.^.♣###.#.#.##
#....^...#...#.#..####.##
##....^.^#..^..#....#...#
##...Λ^.#s#.#(#..##....<
#.../.wsW^...?#..#......
#.$*^§☼@B§#.#[#..#......
##...§§§s°.8.[#.#.....^.
##...○§#§#.#/#.........
##..^.s#ss..?#.........
#..^..$#...#.#.........
##.[.^..#♣.^.♣#..#...^..
#...^...#######.##......
#...............###.....
#.........##.....###....


You could see an eldritch tentacle, a radroach (soul bound), a wolf spider (soul
bound, confused), an orb spider (soul bound), a culicivora (soul bound), 2
jumping spiders, a tarantella (soul bound), a lightning spire (summoned) and
barkas's ghost.

Vanquished Creatures
  Kirke (Spider:2)
  Roxanne (D:15)
  2 emperor scorpions (Spider:3)
  3 ghost moths (Spider:2)
  An orc warlord (D:14)
  A stone giant (Volcano)
  A broodmother (Spider:2)
  A lorocyproca (Spider:3)
  A minotaur (Gauntlet)
  2 spark wasps (Spider:3)
  The ghost of Hofrengagg the Convoker, a journeyman FeSu of Gozag (D:14)
  The ghost of AuraOfTheDawn the Grappler, a journeyman TrMo of the Shining One (D:11)
  2 entropy weavers (Spider:3)
  An ice dragon (Lair:4)
  2 jorogumos
  3 hydras
  5 centaur warriors
  4 catoblepae
  2 death knights
  5 two-headed ogres
  5 boulder beetles
  A radroach (Spider:1)
  2 tengu warriors
  10 death yaks
  A shock serpent (shapeshifter) (D:14)
  Nergalle (D:12)
  2 skysharks
  Amaemon (D:9)
  6 hell knights (D:15)
  A soul eater (Gauntlet)
  3 sun moths (Spider:3)
  3 skeletal warriors (D:8)
  8 pharaoh ants
  2 goliath frogs (Lair:5)
  A fire crab (Gauntlet)
  A glowing orange brain (D:15)
  5 orb spiders
  An obsidian statue (Gauntlet)
  6 steelbarb worms
  A wizard (D:15)
  A deep elf pyromancer (D:14)
  4 necromancers
  27 ugly things
  A harpy (shapeshifter) (D:11)
  A shining eye (Gauntlet)
  3 orc knights (D:14)
  19 wolf spiders
  2 manticores
  8 cyclopes
  A manticore (shapeshifter) (D:15)
  3 moths of wrath
  4 elephants (Lair:1)
  6 black mambas
  7 demonic crawlers
  2 molten gargoyles (Volcano)
  2 ice statues (IceCv)
  A torpor snail (Spider:3)
  A gargoyle (Volcano)
  17 cane toads
  An orange demon (D:9)
  2 rime drakes (Lair:3)
  3 unseen horrors
  A minotaur zombie (Gauntlet)
  13 komodo dragons
  3 efreet
  A freezing wraith (D:10)
  3 tengu conjurers (D:15)
  5 trolls
  A tyrant leech (Lair:5)
  A troll (shapeshifter) (D:11)
  3 polar bears (Lair:4)
  A hornet (D:7)
  21 tarantellas
  16 blink frogs
  A snapping turtle (Lair:3)
  25 jumping spiders
  18 slime creatures
  A shadow (D:9)
  3 centaur simulacra
  24 culicivoras
  43 yaks
  9 fire bats
  A fire bat (shapeshifter) (D:11)
  2 humans (Spider:2)
  3 wyverns
  A dire elephant simulacrum (IceCv)
  3 wraiths
  3 basilisks
  2 fire elementals (Volcano)
  2 hogs (Spider:2)
  Grum (D:8)
  A golden eye (Gauntlet)
  3 neqoxecs (D:11)
  3 steam dragons
  42 redbacks
  A death yak simulacrum (IceCv)
  5 vampire mosquitoes (Lair:5)
  2 acid dragons
  A warg (D:14)
  9 hell hounds
  14 water moccasins
  2 meliai simulacra (Gauntlet)
  A floating eye (Gauntlet)
  A sky beast (D:8)
  5 orc warriors
  3 ice beasts
  2 black bears (D:5)
  23 wolves
  3 centaurs
  2 phantoms (D:5)
  3 kobold brigands
  9 gnoll sergeants
  21 bullfrogs
  A scorpion (shapeshifter) (D:11)
  2 necrophages
  An earth elemental (Volcano)
  3 scorpions
  15 wights
  A hornet simulacrum (Gauntlet)
  12 killer bees (D:8)
  An elephant simulacrum (IceCv)
  4 electric eels
  7 howler monkeys
  4 lava snakes (Volcano)
  4 bullfrog zombies (D:6)
  6 hounds
  4 jellies
  7 orc priests
  Crazy Yiuf (D:5)
  9 gnoll boudas
  7 iguanas
  Natasha (thrice) (D:3)
  7 orc wizards
  A hell rat (D:11)
  2 killer bee zombies (D:6)
  A howler monkey zombie (D:6)
  24 gnolls
  A river rat (D:11)
  8 adders
  A river rat (shapeshifter) (D:11)
  5 shadow imps
  2 white imps
  4 worms
  3 dart slugs
  44 orcs
  8 bats
  10 endoplasms
  3 giant cockroaches
  6 goblins
  11 hobgoblins
  19 kobolds
  4 quokkas
  11 ball pythons
  3 frilled lizards
  9 rats
  4 bushes (Lair:1)
  A butterfly (Lair:2)
868 creatures vanquished.

Vanquished Creatures (others)
  A sun moth (Spider:3)
  3 humans (Spider:2)
  A redback (Spider:3)
  An orc priest (D:14)
  A butterfly (Lair:2)
  33 fungi
  130 plants
170 creatures vanquished.

Grand Total: 1038 creatures vanquished

Notes
Turn   | Place    | Note
-------+----------+-------------------------------------------
     0 | D:1      | Iich the Hill Orc Fighter began the quest for the Orb.
     0 | D:1      | Reached XP level 1. HP: 19/19 MP: 1/1
    29 | D:1      | Reached skill level 3 in Axes
   143 | D:1      | Reached XP level 2. HP: 26/27 MP: 2/2
   333 | D:1      | Found Biasebro's Antique Armour Shop.
   535 | D:1      | Found Qiv Ki Voch's Antique Armour Shop.
   690 | D:1      | Found Ysiop's Weapon Shop.
  1026 | D:2      | Reached skill level 4 in Axes
  1036 | D:2      | Reached XP level 3. HP: 33/33 MP: 3/3
  1234 | D:2      | You fall into a shaft and drop 1 floor!
  1247 | D:3      | Found a sacrificial altar of Ru.
  1373 | D:2      | Found a glowing golden altar of the Shining One.
  1402 | D:2      | Reached XP level 4. HP: 41/41 MP: 4/4
  1457 | D:2      | Found a faded altar of an unknown god.
  1752 | D:3      | Noticed Natasha
  1760 | D:3      | Killed Natasha
  1761 | D:3      | Reached skill level 5 in Axes
  1813 | D:3      | Noticed Natasha
  1820 | D:3      | Killed Natasha
  1821 | D:3      | Reached XP level 5. HP: 47/47 MP: 5/5
  1850 | D:3      | Noticed Natasha
  1851 | D:3      | Reached skill level 5 in Fighting
  1851 | D:3      | Reached skill level 6 in Axes
  1873 | D:3      | Killed Natasha
  2113 | D:3      | Identified a scroll of acquirement
  2114 | D:3      | Acquired the +15 Maxwell's patent armour {-Cast -Tele rElec
                  | Will+ rCorr}
  2114 | D:3      | Found the +15 Maxwell's patent armour {-Cast -Tele rElec
                  | Will+ rCorr}
  2145 | D:3      | Reached XP level 6. HP: 56/56 MP: 6/6
  2282 | D:4      | Noticed an orc warrior
  2301 | D:4      | Killed an orc warrior
  2302 | D:4      | Reached skill level 7 in Axes
  2605 | D:5      | Entered Level 5 of the Dungeon
  2640 | D:5      | Noticed a water moccasin
  2660 | D:5      | Killed a water moccasin
  2661 | D:5      | Reached XP level 7. HP: 37/62 MP: 7/7
  3009 | D:5      | Reached skill level 8 in Axes
  3188 | D:5      | Found a large runed translucent door.
  3189 | D:5      | Found a large runed translucent door.
  3281 | D:5      | Found a runed translucent door.
  3282 | D:5      | Noticed Crazy Yiuf
  3415 | D:5      | Reached skill level 9 in Axes
  3415 | D:5      | Reached XP level 8. HP: 71/71 MP: 8/8
  3428 | D:5      | Reached skill level 5 in Armour
  3448 | D:5      | Noticed a wraith
  3448 | D:5      | Noticed a yak
  3460 | D:5      | Killed a wraith
  3466 | D:5      | Killed a yak
  3467 | D:5      | Reached skill level 10 in Axes
  3569 | D:5      | Reached skill level 11 in Axes
  3569 | D:5      | Reached XP level 9. HP: 79/81 MP: 9/9
  3932 | D:5      | Found a glowing golden altar of the Shining One.
  3935 | D:5      | Found a snail-covered altar of Cheibriados.
  3990 | D:5      | Killed Crazy Yiuf
  4163 | D:6      | Found a basalt altar of Yredelemnul.
  4291 | D:6      | Reached skill level 12 in Axes
  5055 | D:7      | Found a staircase to the Ecumenical Temple.
  5056 | D:7      | Noticed a hornet
  5063 | D:7      | Killed a hornet
  5064 | D:7      | Reached skill level 13 in Axes
  5072 | Temple   | Entered the Ecumenical Temple
  5168 | Temple   | Became a worshipper of Gozag Ym Sagoz the Greedy
  5264 | D:7      | Reached XP level 10. HP: 91/91 MP: 10/10
  5804 | D:8      | Noticed a skeletal warrior
  5804 | D:8      | Noticed a skeletal warrior
  5805 | D:8      | Noticed a skeletal warrior
  5815 | D:8      | Killed a skeletal warrior
  5816 | D:8      | Reached skill level 14 in Axes
  5819 | D:8      | Killed a skeletal warrior
  5820 | D:8      | Reached skill level 10 in Fighting
  5824 | D:8      | Killed a skeletal warrior
  5869 | D:8      | Noticed Grum
  5880 | D:8      | Reached skill level 15 in Axes
  5885 | D:8      | Killed Grum
  6274 | D:9      | Reached XP level 11. HP: 98/101 MP: 11/11
  6471 | D:9      | Noticed a two-headed ogre
  6476 | D:9      | Killed a two-headed ogre
  6477 | D:9      | Reached skill level 16 in Axes
  6752 | D:9      | Noticed Amaemon
  6771 | D:9      | Killed Amaemon
  6816 | D:9      | Identified the +2 robe of Instinct {rN+}
  7041 | D:10     | Entered Level 10 of the Dungeon
  7125 | D:10     | Reached skill level 10 in Armour
  7196 | D:10     | Noticed a death knight
  7205 | D:10     | Killed a death knight
  7206 | D:10     | Reached skill level 17 in Axes
  7235 | D:10     | Found a flagged portal.
  7297 | Bailey   | Entered a bailey
  7525 | Bailey   | Reached XP level 12. HP: 112/112 MP: 12/12
  7826 | D:10     | Found an iron altar of Okawaru.
  7967 | D:10     | Noticed a centaur warrior
  7976 | D:10     | Killed a centaur warrior
  8059 | D:10     | Noticed a centaur warrior
  8117 | D:10     | Killed a centaur warrior
  8118 | D:10     | Reached skill level 18 in Axes
  8184 | D:10     | Noticed a tengu warrior
  8195 | D:10     | Killed a tengu warrior
  8635 | D:11     | Noticed a death yak
  8638 | D:11     | Noticed a death yak
  8639 | D:11     | Noticed a death yak
  8656 | D:11     | Killed a death yak
  8657 | D:11     | Killed a death yak
  8663 | D:11     | Killed a death yak
  8678 | D:11     | Found a staircase to the Lair.
  8698 | D:11     | Noticed a boulder beetle
  8712 | D:11     | Killed a boulder beetle
  8833 | D:11     | Noticed a boulder beetle
  8853 | D:11     | Killed a boulder beetle
  8854 | D:11     | Reached skill level 19 in Axes
  9054 | D:11     | Found a runed translucent gate.
  9054 | D:11     | Found a runed translucent gate.
  9054 | D:11     | Found a runed translucent gate.
  9151 | D:11     | Found a snail-covered altar of Cheibriados.
  9315 | D:11     | Reached XP level 13. HP: 77/122 MP: 13/13
  9362 | D:11     | Found a runed translucent gate.
  9362 | D:11     | Found a runed translucent gate.
  9369 | D:11     | Found a runed translucent gate.
  9371 | D:11     | Noticed AuraOfTheDawn's ghost (journeyman TrMo)
  9380 | D:11     | Gained mutation: You occasionally lose the ability to drink
                  | potions when taking damage. [a neqoxec]
  9397 | D:11     | Killed AuraOfTheDawn's ghost
  9470 | D:11     | Gained mutation: You are weak. (Str -2) [mutagenic glow]
  9622 | D:11     | Lost mutation: You are weak. (Str -2) [potion of mutation]
  9622 | D:11     | Lost mutation: You occasionally lose the ability to drink
                  | potions when taking damage. [potion of mutation]
  9622 | D:11     | Gained mutation: Your natural rate of healing is unusually
                  | fast. [potion of mutation]
  9622 | D:11     | Gained mutation: Your spells are a little harder to cast,
                  | but a little more powerful. [potion of mutation]
  9625 | D:11     | Gained mutation: You are occasionally teleported next to
                  | monsters. [mutagenic glow]
  9680 | Lair:1   | Entered Level 1 of the Lair of Beasts
  9680 | Lair:1   | You fall into a shaft and drop 1 floor!
  9872 | Lair:2   | Reached skill level 20 in Axes
  9930 | Lair:2   | Found a hole to the Spider Nest.
 10220 | Lair:2   | Got the Omnibus of Fetching Exhumation
 10975 | Lair:3   | Found a dark tunnel.
 10989 | Volcano  | Entered a volcano
 11456 | Volcano  | Found a radiant altar of Vehumet.
 11484 | Volcano  | Noticed a stone giant
 11499 | Volcano  | Killed a stone giant
 11556 | Volcano  | Reached skill level 21 in Axes
 11689 | Lair:3   | Got the Writings on the Hiemal Gestalt
 12052 | Lair:3   | Found a staircase to the Shoals.
 12152 | Lair:3   | Lost mutation: You are occasionally teleported next to
                  | monsters. [potion of mutation]
 12152 | Lair:3   | Lost mutation: Your natural rate of healing is unusually
                  | fast. [potion of mutation]
 12152 | Lair:3   | Gained mutation: You are partially covered in iridescent
                  | scales. (AC +2) [potion of mutation]
 12152 | Lair:3   | Gained mutation: A frigid envelope surrounds you and
                  | freezes all who hurt you. [potion of mutation]
 12195 | Lair:4   | Found a frozen archway.
 12196 | Lair:4   | Noticed an ice dragon
 12220 | Lair:4   | Killed an ice dragon
 12242 | IceCv    | Entered an ice cave
 12252 | IceCv    | Reached XP level 14. HP: 133/133 MP: 14/14
 12254 | IceCv    | Found a transporter.
 12266 | IceCv    | Found the dreamshard necklace {*Dream Drain}
 12270 | IceCv    | Found a transporter.
 12716 | Lair:4   | Bought the +1 pair of boots of Magic {Fly rF+ rN+ Str-5}
                  | for 193 gold pieces
 12716 | Lair:4   | Bought a +2 pair of gloves of infusion for 215 gold pieces
 12884 | Lair:4   | Reached skill level 15 in Fighting
 12903 | Lair:4   | Found a staircase to the Slime Pits.
 12903 | Lair:4   | Identified the +0 robe of Awe {+Blink}
 13636 | Lair:5   | Entered Level 5 of the Lair of Beasts
 13660 | Lair:5   | Reached skill level 22 in Axes
 14308 | Lair:5   | Identified the +5 falchion of Wisdom {heavy, Str+3}
 14981 | Lair:5   | Reached skill level 23 in Axes
 15631 | Lair:1   | Reached XP level 15. HP: 137/144 MP: 0/15
 17043 | D:12     | Found a staircase to the Orcish Mines.
 17746 | D:12     | Noticed Nergalle
 17754 | D:12     | Killed Nergalle
 18436 | D:13     | Found Oguwkem's Antique Weapon Shoppe.
 18861 | D:14     | Identified the +1 scale mail of the Constellations
                  | {*Corrode rF+ Will+ Int+6}
 18895 | D:14     | Reached skill level 24 in Axes
 19425 | D:14     | Found a runed translucent gate.
 19426 | D:14     | Found a runed translucent gate.
 19434 | D:14     | Found a runed translucent gate.
 19434 | D:14     | Noticed an orc warlord
 19436 | D:14     | Noticed Hofrengagg's ghost (journeyman FeSu)
 19440 | D:14     | Found a roughly hewn altar of Beogh.
 19489 | D:14     | Reached skill level 15 in Armour
 19601 | D:14     | Found a gate to the Vaults.
 19692 | D:14     | Found a burning altar of Makhleb.
 19962 | D:14     | Killed Hofrengagg's ghost
 19966 | D:14     | Killed an orc warlord
 20128 | D:14     | Identified the ring "Repeyny" {Str+6 Dex+4}
 20137 | D:14     | Identified the +0 pair of gloves "Weint" {rC+}
 20235 | D:15     | Entered Level 15 of the Dungeon
 20419 | D:15     | Found a gate leading to a gauntlet.
 20425 | Gauntlet | Entered a Gauntlet
 20425 | Gauntlet | Found a transporter.
 20529 | Gauntlet | Found a transporter.
 20530 | Gauntlet | Found a transporter.
 20542 | Gauntlet | Found a transporter.
 20543 | Gauntlet | Found a transporter.
 20547 | Gauntlet | Found a transporter.
 20551 | Gauntlet | Found a transporter.
 20554 | Gauntlet | Found a transporter.
 20555 | Gauntlet | Found a transporter.
 20563 | Gauntlet | Found a transporter.
 20566 | Gauntlet | Found a transporter.
 20567 | Gauntlet | Found a transporter.
 20575 | Gauntlet | Found a transporter.
 20645 | Gauntlet | Found a transporter.
 20673 | Gauntlet | Gained mutation: You occasionally lose the ability to read
                  | scrolls when taking damage. [a shining eye]
 20704 | Gauntlet | Lost mutation: A frigid envelope surrounds you and freezes
                  | all who hurt you. [potion of mutation]
 20704 | Gauntlet | Lost mutation: You occasionally lose the ability to read
                  | scrolls when taking damage. [potion of mutation]
 20704 | Gauntlet | Lost mutation: You are partially covered in iridescent
                  | scales. (AC +2) [potion of mutation]
 20704 | Gauntlet | Gained mutation: Your magical capacity is low. (-10% MP)
                  | [potion of mutation]
 20704 | Gauntlet | Gained mutation: You have sharp toenails. [potion of
                  | mutation]
 20718 | Gauntlet | Lost mutation: You have sharp toenails. [potion of
                  | mutation]
 20718 | Gauntlet | Lost mutation: Your magical capacity is low. (-10% MP)
                  | [potion of mutation]
 20718 | Gauntlet | Lost mutation: Your spells are a little harder to cast, but
                  | a little more powerful. [potion of mutation]
 20718 | Gauntlet | Gained mutation: You have supernaturally acute eyesight.
                  | (SInv) [potion of mutation]
 20818 | Gauntlet | Reached XP level 16. HP: 141/155 MP: 9/16
 20880 | Gauntlet | Identified the ring "Saph" {rCorr Dex+6}
 21022 | Gauntlet | Reached skill level 25 in Axes
 21299 | D:15     | Reached skill level 1 in Maces & Flails
 21731 | D:15     | Identified the +9 halberd of Amorality {freeze, rPois Int+2
                  | Stlth+}
 21838 | D:15     | Noticed Roxanne
 22082 | D:15     | Found a staircase to the Depths.
 22535 | D:15     | Killed Roxanne
 22536 | D:15     | Reached skill level 5 in Maces & Flails
 22762 | Spider:1 | Entered Level 1 of the Spider Nest
 24470 | Spider:2 | Noticed Kirke
 24487 | Spider:2 | Killed Kirke
 24514 | Spider:2 | Reached XP level 17. HP: 90/166 MP: 0/17
 25996 | Spider:3 | Reached skill level 10 in Maces & Flails
 27333 | Spider:3 | Found a runed translucent gate.
 27333 | Spider:3 | Found a runed translucent gate.
 27334 | Spider:3 | Found a runed translucent gate.
 27334 | Spider:3 | Noticed barkas's ghost (adept DsSu)
 27366 | Spider:3 | Slain by an eldritch tentacle

Illustrated notes

Levels and vault maps discovered:
D:1:      ncdulo_halloftheorcs, layout_loops_corners, serial_shops, shop, shop,
          nicolae_lakefront_shop, dk_noncrumbling_4, st_stairs_9,
          corner_web_ring
D:2:      layout_basic, shapermc_ecumenical_altar_pompeii, basic_altar,
          nrook_uturn
D:3:      cheibrodos_old_hovel, layout_basic, lemuel_doored_altar, uniq_natasha
D:4:      layout_rooms
D:5:      kennysheep_windowed_halls, layout_basic, jmf_multi_god_temple2,
          uniq_crazy_yiuf_cottage
D:6:      layout_basic, nicolae_yredelemnul_corpse_copse,
          minmay_misc_feat_more_columns
D:7:      layout_basic, minmay_temple_entry_junction
D:8:      layout_cave_pods, minmay_misc_feat_plants, uniq_grum
D:9:      layout_irregular_city, hangedman_abyss_or_decor_slice,
          grunt_ministairs_2, uniq_amaemon
D:10:     layout_basic, mainiacjoe_overflow_surrounded_room, enter_bailey_8,
          minmay_evil_grid
D:11:     layout_irregular_city, dpeg_lair_monsters,
          ploomutoo_gammafunk_ghost_potion_laboratory, slow_altar_2
D:12:     layout_layer_cave, orc_0_dummy, kennysheep_generic_room_16,
          uniq_nergalle
D:13:     layout_basic, serial_shops, shop
D:14:     layout_stronghold, david_vaults_1, serial_column_ruins,
          column_ruins_hut, column_ruins_open_small, column_ruins_corridor_plus,
          column_ruins_corridor_dead_end, column_ruins_open_tiny,
          biasface_ghost_orc_armoury, bloody_makhleb, grunt_ministairs_13
D:15:     gammafunk_enter_depths_forms, layout_loops_cross,
          gauntlet_entry_generic, minmay_rotating_lava, uniq_roxanne
Temple:   minmay_temple_bridge_d
Lair:1:   layout_cave_pods, serial_forest, infiniplex_forest_lined_room_2,
          infiniplex_forest_clump_medium, infiniplex_forest_clump_tiny,
          infiniplex_forest_straight_2, infiniplex_forest_end_1,
          grunt_megastairs_5
Lair:2:   layout_small_grid, dummy_spider_entry, lemuel_fruit_tree,
          grunt_megastairs_3, serial_bayou_shore_b, lemuel_fruit_fields,
          lemuel_fruit_fields
Lair:3:   layout_roguey, minmay_shoals_entry_hut, nicolae_volcano_entry_batcave,
          grunt_megastairs_4
Lair:4:   layout_cave_pods, slime_entry_1,
          portal_ice_cave_entry_animals_and_master
Lair:5:   minmay_lair_end_frog_pond, layout_long_grid, nicolae_lair_yak_garden,
          serial_bayou_shore_a
Spider:1: layout_chambers, hellmonk_test_site
Spider:2: layout_spider_delve, nicolae_spider_cling_ruins,
          nicolae_spider_bug_shape, uniq_kirke
Spider:3: layout_chambers, gammafunk_ghost_tricky_traps,
          hangedman_spider_tarantella_strand, nicolae_spider_cling_halls

Skill      XL: |  1  2  3  4  5  6  7  8  9 10 11 12 13 14 15 16 17 |
---------------+----------------------------------------------------+-----
Axes           | 3 4 5 6 7 9 11 13 15 17 19 21 23 24 25 | 25.0
Fighting       | 4 5 6 7 9 10 12 13 14 16 17 18 19 | 19.0
Armour         | 4 6 7 9 10 11 13 14 15 16 17 | 17.2
Maces & Flails | 8 11 | 11.3
Shields        | |  3.2

Action                     |  1- 3 |  4- 6 |  7- 9 | 10-12 | 13-15 | 16-18 || total
---------------------------+-------+-------+-------+-------+-------+-------++-------
  Melee: War axe           |   117 |    13 |       |       |       |       ||   130
         Broad axe         |       |   126 |   253 |   456 |   824 |   146 ||  1805
         Great mace        |       |       |       |       |       |   338 ||   338
 Invoke: Potion Petition   |       |       |       |       |     4 |     1 ||     5
         Call Merchant     |       |       |       |       |     1 |       ||     1
  Evoke: Lightning rod     |       |       |       |       |     5 |       ||     5
         Wand              |       |       |       |       |     1 |       ||     1
    Use: Scroll            |     3 |     6 |     6 |     8 |    13 |     1 ||    37
         Potion            |     1 |     1 |       |     2 |     4 |       ||     8
   Stab: Distracted        |       |       |       |     3 |     9 |     5 ||    17
         Petrifying        |       |       |       |       |     5 |       ||     5
         Petrified         |       |       |       |       |     3 |       ||     3
         Invisible         |       |       |       |       |     8 |       ||     8
         Confused          |       |       |       |       |       |     2 ||     2
 Armour: Scale mail        |    61 |    38 |       |       |       |       ||    99
         Plate armour      |       |    57 |   183 |   357 |   536 |   596 ||  1729
  Dodge: Dodged            |    47 |    57 |    65 |   135 |   171 |   219 ||   694
  Block: Buckler           |    25 |    28 |    65 |   114 |   168 |    29 ||   429

Table legend: (Time is in decaauts)
 A = Elapsed time spent in this place.
 B = Non-inter-level travel time spent in this place.
 C = Inter-level travel time spent in this place.
 D = Time resting spent in this place.
 E = Time spent auto-exploring this place.
 F = Levels seen in this place.
 G = Mean time per level.
                   A        B        C        D        E       F      G
               +--------+--------+--------+--------+--------+-----+--------+
         Total |  27116 |  26117 |    999 |    573 |  20651 |  28 |  968.4 |
       Dungeon |  14290 |  13730 |    560 |    285 |  10750 |  15 |  952.7 |
        Temple |    169 |     68 |    101 |      0 |     61 |   1 |  169.0 |
          Lair |   6039 |   5771 |    268 |      0 |   4699 |   5 | 1207.8 |
   Spider Nest |   4568 |   4498 |     70 |      2 |   3889 |   3 | 1522.7 |
        Bailey |    419 |    419 |      0 |      0 |    283 |   1 |  419.0 |
      Ice Cave |    271 |    271 |      0 |    169 |     33 |   1 |  271.0 |
       Volcano |    636 |    636 |      0 |    117 |    395 |   1 |  636.0 |
      Gauntlet |    720 |    720 |      0 |      0 |    541 |   1 |  720.0 |
               +--------+--------+--------+--------+--------+-----+--------+

Top non-repeatable levels by time:
Spider:1: 1662 daAuts
Spider:3: 1636 daAuts
    D:15: 1634 daAuts
  Lair:5: 1617 daAuts
    D:14: 1474 daAuts
    D:12: 1465 daAuts
     D:5: 1451 daAuts
  Lair:1: 1367 daAuts
Spider:2: 1269 daAuts
  Lair:4: 1190 daAuts
    D:11: 1155 daAuts
     D:1: 1031 daAuts
    D:10: 1029 daAuts
  Lair:2: 959 daAuts
  Lair:3: 904 daAuts
